 Dungeon Crawl Stone Soup version 0.22.1-1-ga44c0e5 (webtiles) character file.

152 Folque the Vandal (level 5, -2/34 HPs)
             Began as a Halfling Hunter on Sept 22, 2018.
             Was a Follower of Zin.
             Slain by an iguana (13 damage)
             ... on level 3 of the Dungeon.
             The game lasted 00:09:38 (2168 turns).

Folque the Vandal (Halfling Hunter)                 Turns: 2168, Time: 00:09:39

Health: -2/34      AC:  4    Str: 13    XL:     5   Next: 60%
Magic:  5/5        EV: 15    Int:  9    God:    Zin [*.....]
Gold:   60         SH:  0    Dex: 16    Spells: 4/4 levels left

rFire    . . .     SeeInvis .   b - +1 short sword
rCold    . . .     Gourm    .   (shield restricted)
rNeg     . . .     Faith    .   c - +0 leather armour
rPois    .         Spirit   .   (no helmet)
rElec    .         Reflect  .   (no cloak)
rCorr    .         Harm     .   (no gloves)
MR       .....                  i - +0 pair of boots
Stlth    ++........             (no amulet)
HPRegen  0.11/turn              (no ring)
MPRegen  0.09/turn              (no ring)

@: no status effects
A: small, mutation resistance 1
a: Recite, Donate Gold, Renounce Religion


You were on level 3 of the Dungeon.
You worshipped Zin.
Zin was aware of your devotion.
You were not hungry.

You visited 1 branch of the dungeon, and saw 3 of its levels.

You collected 135 gold pieces.
You donated 75 gold pieces to Zin.

Inventory:

Hand Weapons
 a - a +1 hunting sling
 b - a +1 short sword (weapon)
 k - a +1 whip of distortion
 o - a +3 hunting sling of velocity
Missiles
 d - 12 sling bullets
 h - 17 poisoned needles
 j - 70 stones (quivered)
Armour
 c - a +0 leather armour (worn)
 i - a +0 pair of boots (worn)
Jewellery
 n - a +5 ring of dexterity {unknown}
 q - a cursed ring of teleportation {unknown}
Scrolls
 m - 4 scrolls of remove curse {unknown}
 p - a scroll of fog {unknown}
 t - 4 scrolls of identify
Potions
 e - a potion of flight {unknown}
 g - a potion of degeneration {unknown}
 l - a potion of curing {unknown}
 s - a potion of agility {unknown}
 u - a potion of lignification {unknown}
Comestibles
 f - 3 rations
 r - a chunk of flesh


   Skills:
 * Level 2.3 Fighting
 - Level 2.2 Short Blades
 + Level 7.9 Slings
 - Level 3.0 Dodging
 - Level 1.1 Stealth
 + Level 0.0 Invocations


You had 4 spell levels left.
You didn't know any spells.
Your spell library was empty.

Dungeon Overview and Level Annotations

Branches:
Dungeon (3/15)

Altars:
Nemelex Xobeh
Okawaru
Qazlal
Zin


Innate Abilities, Weirdness & Mutations

You are small and have problems with some larger weapons.
You are somewhat resistant to further mutation.


Message History

The iguana barely misses you.
You hit the iguana but do no damage.
The iguana is almost dead.
The iguana bites you!
You barely miss the iguana.
The iguana is almost dead.
The iguana barely misses you.
You hit the iguana but do no damage.
The iguana is almost dead.
The iguana barely misses you.
You closely miss the iguana.
The iguana is almost dead.
The iguana bites you but does no damage.
You hit the iguana but do no damage.
The iguana is almost dead.
The iguana bites you!
You hit the iguana.
The iguana is almost dead.
The iguana bites you!
You die...

≈≈≈.≈...#####.#
≈≈≈≈........##.#
≈≈≈≈.≈......##.#
≈≈≈≈≈≈......##.#
≈..≈≈.......##.#
≈...≈......##.#########
#........##...<......
#..............#####.
#..#@#[##......# ##
#l#.##.####.# #.#.##.#
#.# .(#.##.# #.#
(?#....# ..# .(>.....#
### .######.# .. #.#


You could see an iguana.

Vanquished Creatures
  A centaur skeleton (D:2)
  4 gnolls (D:2)
  2 adders (D:2)
  A worm (D:3)
  A dart slug (D:1)
  2 leopard geckos (D:2)
  4 orcs (D:2)
  3 giant cockroaches
  8 goblins
  8 hobgoblins
  2 jackals (D:2)
  A quokka (D:2)
  A ball python (D:2)
  5 bats
  3 frilled lizards
  6 kobolds
  6 rats
58 creatures vanquished.

Notes
Turn   | Place    | Note
-------+----------+-------------------------------------------
     0 | D:1      | Folque the Halfling Hunter began the quest for the Orb.
     0 | D:1      | Reached XP level 1. HP: 14/14 MP: 1/1
   139 | D:1      | Reached skill level 6 in Slings
   148 | D:1      | Reached XP level 2. HP: 18/19 MP: 2/2
   700 | D:1      | Reached XP level 3. HP: 24/24 MP: 3/3
   978 | D:2      | Reached skill level 1 in Short Blades
   978 | D:2      | Reached XP level 4. HP: 8/29 MP: 4/4
   986 | D:2      | Found a sparkling altar of Nemelex Xobeh.
  1327 | D:2      | Reached skill level 7 in Slings
  1454 | D:2      | Found an iron altar of Okawaru.
  1500 | D:2      | Reached XP level 5. HP: 28/34 MP: 5/5
  1927 | D:2      | Found a glowing silver altar of Zin.
  1937 | D:2      | Became a worshipper of Zin the Law-Giver
  1937 | D:2      | Reached * piety under Zin
  1982 | D:2      | Found a stormy altar of Qazlal.
  2136 | D:3      | Donated 62 gold pieces to Zin
  2168 | D:3      | Slain by an iguana

Skill      XL: |  1  2  3  4 |
---------------+-------------+-----
Fighting       | 2 |  2.3
Slings         | 6 7 |  7.9
Dodging        | 3 |  3.0
Short Blades   | 1 2 |  2.2
Stealth        | |  1.1

Action                   |  1- 3 |  4- 6 || total
-------------------------+-------+-------++-------
Melee: Short sword       |    70 |   109 ||   179
 Fire: Hunting sling     |     6 |    29 ||    35
Invok: Recite            |       |     1 ||     1
       Donate Gold       |       |     1 ||     1
  Use: Scroll            |     4 |       ||     4
 Stab: Sleeping          |     2 |     2 ||     4
       Distracted        |       |     1 ||     1
  Eat: Chunk             |       |     4 ||     4
Armor: Leather armour    |    14 |    27 ||    41
Dodge: Dodged            |    53 |   104 ||   157
